 Dungeon Crawl Stone Soup version 0.29.0-13-gc9e81de378 (webtiles) character file.

Game seed: 9150708747298480130

6 SnakkuSnakku7 the Shooter (level 2, 0/23 HPs)
             Began as a Djinni Hunter on Sept 10, 2022.
             Slain by an adder (2 damage)
             ... on level 2 of the Dungeon.
             The game lasted 00:00:38 (679 turns).

SnakkuSnakku7 the Shooter (Djinni Hunter)            Turns: 679, Time: 00:00:39

Health: 0/23       AC:  3    Str: 10    XL:     2   Next: 0%
Gold:   49         EV: 12    Int: 10    God:
                   SH:  0    Dex: 16

rFire   + + .      SeeInvis .   a - +0 shortbow
rCold   x . .      Faith    .   (shield currently unavailable)
rNeg    . . .      Spirit   .   c - +0 leather armour
rPois   ∞          Reflect  .   (no helmet)
rElec   .          Harm     .   (no cloak)
rCorr   .          Rampage  .   (no gloves)
Will    .....                   (boots unavailable)
Stlth   +.........              (no amulet)
HPRegen 0.07/turn               (no ring)
MPRegen 0.00/turn               (no ring)

@: flying
A: sickness immunity, fire resistance 2, cold vulnerability 1, float, innate
caster, HP casting, extra vitality 1
a: no special abilities


You were on level 2 of the Dungeon.
You visited 1 branch of the dungeon, and saw 2 of its levels.

You collected 49 gold pieces.

Inventory:

Hand Weapons
 a - a +0 shortbow (weapon)
Armour
 c - a +0 leather armour (worn)
Scrolls
 b - a scroll of immolation
 d - a scroll of poison {unknown}
Potions
 e - a potion of attraction {unknown}
 f - a potion of flight {unknown}
 g - 3 potions of invisibility {unknown}


   Skills:
 - Level 2.0 Fighting
 + Level 3.5 Ranged Weapons
 - Level 2.1 Dodging
 - Level 0.7 Stealth


You had one spell level left.
You didn't know any spells.
Your spell library was empty.

Dungeon Overview and Level Annotations

Branches:
Dungeon (2/15)

Altars:


Innate Abilities, Weirdness & Mutations

You are immune to sickness and miasma.
You are immune to poison.
Your flesh is very heat resistant. (rF++)
You are vulnerable to cold. (rC-)
You float through the air rather than walking.
You learn spells naturally, not from books.
Your magical power is your life essence.
You have superior vitality. (+4 MHP)


Message History

Unknown command.
You are too injured to fight recklessly!
Unknown command.
You are too injured to fight recklessly!
The adder bites you. The adder attacks as you move away! The adder bites you.
You are too injured to fight recklessly!
You are too injured to fight recklessly!
Fire: a) +0 shortbow
Press: ? - help, Q - select action Shift-Dir - straight line, f/p - adder
Aim: an adder (moderately wounded, 44% to hit)
You shoot an arrow. The arrow barely misses the adder.
The arrow hits the hobgoblin but does no damage.
The adder bites you but does no damage. The adder barely misses you.
Fire: a) +0 shortbow
Press: ? - help, Q - select action Shift-Dir - straight line, f/p - adder
Aim: an adder (moderately wounded, 44% to hit)
You shoot an arrow.
The arrow hits the adder but does no damage.
The adder is moderately wounded.
The adder barely misses you. The adder bites you.
* * * LOW HITPOINT WARNING * * *
Fire: a) +0 shortbow
Press: ? - help, Q - select action Shift-Dir - straight line, f/p - adder
Aim: an adder (moderately wounded, 44% to hit)
You shoot an arrow. The arrow closely misses the adder.
The arrow hits the hobgoblin.
You kill the hobgoblin!
The adder closely misses you. The adder bites you.
* * * LOW HITPOINT WARNING * * *
You have reached level 2!
Unknown command.
Fire: a) +0 shortbow
Press: ? - help, Q - select action Shift-Dir - straight line, f/p - adder
Aim: an adder (moderately wounded, 44% to hit)
You shoot an arrow.
The arrow hits the adder but does no damage.
The adder is moderately wounded.
The adder bites you.
You die...

#[# #.# ###.#
###.#########.#
....####...<>....!.#.####
##.........##.#.##.#....
#.#####...##^#.##..... #
#.# ##.###........## !#.
#.# #.............#....
#.# #........#...#...#.
..# #...#.>.@Sr........
### #...####.#.....#.#
#...# #####.### #...# ..#
#...# #..# ###### #...#
#..# #>.... #..###.<...
#(.#...... #.##.....


You could see an adder and a rat.

Vanquished Creatures
  2 hobgoblins
  A quokka (D:1)
  A ball python (D:1)
  A bat (D:1)
  A kobold (D:1)
6 creatures vanquished.

Notes
Turn   | Place    | Note
-------+----------+-------------------------------------------
     0 | D:1      | SnakkuSnakku7 the Djinni Hunter began the quest for the
                  | Orb.
     0 | D:1      | Reached XP level 1. HP: 18/18 MP: 0/0
   194 | D:1      | Found a faded altar of an unknown god.
   679 | D:2      | Reached XP level 2. HP: 1/23 MP: 0/0
   679 | D:2      | Slain by an adder

Illustrated notes

Levels and vault maps discovered:
D:1:      minmay_arrival_diagonal_passages, layout_rooms,
          dreamdust_ecumenical_altar_angels_and_demons, glass_columns_b,
          moated_statue, minmay_misc_feat_more_columns, chequers_avenue
D:2:      minmay_diamond_boxcup, layout_loops_cross

Action                   || total
-------------------------++-------
 Fire: Shortbow          ||    33
Armor: Leather armour    ||    10
Dodge: Dodged            ||    22
